 Dungeon Crawl Stone Soup version 0.30-a0-374-g95c0257040 (webtiles) character file.

Game seed: 4799945458517802755

188 KennySheep the Chiller (level 5, -1/28 HPs)
             Began as a Tengu Wanderer on Nov 26, 2022.
             Was a Follower of Cheibriados.
             Slain by an orc
             ... wielding a +0 whip
              (2 damage)
             ... on level 4 of the Dungeon.
             The game lasted 00:10:08 (3033 turns).

KennySheep the Chiller (Tengu Wanderer)             Turns: 3033, Time: 00:10:08

Health: -1/28      AC:  4    Str: 13    XL:     5   Next: 67%
Magic:  2/9        EV: 14    Int: 18    God:    Cheibriados [*.....]
Gold:   134        SH:  3    Dex: 15    Spells: 3/8 levels left

rFire   . . .      SeeInvis +    a - +0 dagger
rCold   . . .      Faith    .    j - +0 buckler
rNeg    . . .      Spirit   .    c - +0 robe
rPois   .          Reflect  .    (helmet restricted)
rElec   .          Harm     .    d - +0 cloak
rCorr   .          Rampage  .    g - +0 pair of gloves
Will    .....                    (boots unavailable)
Stlth   ++........               (no amulet)
HPRegen 0.24/turn                r - ring of see invisible
MPRegen 0.11/turn                (no ring)

@: flying quickly and evasively, very slow
A: beak, talons 3, nimble flight
a: Renounce Religion, Bend Time


You were on level 4 of the Dungeon.
You worshipped Cheibriados.
Cheibriados was aware of your devotion.
You visited 1 branch of the dungeon, and saw 4 of its levels.

You collected 134 gold pieces.

Inventory:

Hand Weapons
 a - a +0 dagger (weapon)
Armour
 c - a +0 robe (worn)
 d - a +0 cloak (worn)
 g - a +0 pair of gloves (worn)
 j - a +0 buckler (worn)
Jewellery
 r - a ring of see invisible (left hand)
 s - a ring of fire
Scrolls
 b - a scroll of fog
 e - 3 scrolls of magic mapping
 f - a scroll of teleportation
 i - a scroll of immolation {unknown}
 k - a scroll of identify {unknown}
 m - a scroll of fear
 n - a scroll of enchant armour {unknown}
 p - a scroll of blinking {unknown}
Potions
 h - 3 potions of attraction
 l - a potion of heal wounds {unknown}
 o - a potion of resistance
 q - a potion of lignification {unknown}
 t - a potion of might {unknown}
 u - a potion of curing {unknown}


   Skills:
 - Level 2.1 Dodging
 - Level 2.0 Stealth
 + Level 2.4 Spellcasting
 + Level 3.3 Summonings
 - Level 1.1 Necromancy
 * Level 3.7 Ice Magic
 - Level 1.0 Invocations
 - Level 1.0 Evocations


You had 3 spell levels left.
You knew the following spells:

 Your Spells              Type           Power      Damage    Failure   Level
a - Freeze                Ice            60%        1d7       5%          1
b - Summon Ice Beast      Ice/Summ       14%        N/A       50%         4

Your spell library contained the following spells:

 Spells                   Type           Power      Damage    Failure   Level
 Frozen Ramparts          Ice            30%        1d5       16%         3
 Ensorcelled Hibernation  Hex/Ice        16%        N/A       17%         2
 Sublimation of Blood     Necr           6%         N/A       22%         2
 Cigotuvi's Dreadful Rot  Necr/Pois/Air  6%         N/A       30%         2
 Passwall                 Tmut/Erth      1%         N/A       34%         2
 Summon Guardian Golem    Hex/Summ       8%         N/A       34%         3
 Swiftness                Air            2%         N/A       56%         3
 Orb of Destruction       Conj           1%         9d5       100%        7
 Spellforged Servitor     Conj/Summ      4%         N/A       100%        7


Dungeon Overview and Level Annotations

Branches:
Dungeon (4/15)
 Temple: D:4-7

Altars:
Cheibriados
Sif Muna


Innate Abilities, Weirdness & Mutations

You have a beak for a mouth.
You have claws for feet.
Your magical nature lets you fly swiftly and evasively.


Message History

You kill the iguana!
You can't see any susceptible monsters within range! (Use Z to cast anyway.)
Your magical contamination has completely faded away.
An orc wizard comes into view.
It is wielding a +0 dagger. 2 orcs come into view.
The orc wizard shouts! 2 orcs come into view.
The orc wizard gestures at you while chanting.
The puff of flame hits you!
The orc shouts!
The orc shouts!
You freeze the orc wizard!
The orc wizard is heavily wounded.
The orc wizard hits you with a +0 dagger.
You freeze the orc wizard.
The orc wizard is almost dead.
The orc wizard hits you but does no damage.
You freeze the orc wizard.
You kill the orc wizard!
Cheibriados appreciates the change of pace.
You freeze the orc.
The orc is lightly wounded.
The orc hits you with a +0 whip. The orc hits you with a +0 dagger.
The orc hits you with a +0 falchion.
You freeze the orc.
You kill the orc!
Cheibriados appreciates the change of pace.
The orc hits you with a +0 whip.
* * * LOW HITPOINT WARNING * * *
The orc barely misses you. The orc hits you but does no damage.
You freeze the orc.
The orc is moderately wounded.
You block the orc's attack. The orc hits you but does no damage.
The orc hits you with a +0 whip.
* * * LOW HITPOINT WARNING * * *
You freeze the orc.
You kill the orc!
Cheibriados appreciates the change of pace.
The orc hits you with a +0 whip.
You die...

.............#
..............#
..............#
.............#
#...........#
#..........#
#..))o....#
#...@o....#
#........##
#....^.###
#.......#
######.......##
#..................
#..................
#..................
#.................


You could see 2 orcs.

Vanquished Creatures
  An iguana (D:4)
  An orc wizard (D:4)
  7 adders
  12 orcs
  6 ball pythons
  4 bats
  7 endoplasms
  4 giant cockroaches
  7 hobgoblins
  4 jackals (D:2)
  A kobold (D:3)
  A frilled lizard (D:3)
  8 rats
63 creatures vanquished.

Notes
Turn   | Place    | Note
-------+----------+-------------------------------------------
     0 | D:1      | KennySheep the Tengu Wanderer began the quest for the Orb.
     0 | D:1      | KennySheep set off with the following items: a +0 dagger, a
                  | scroll of fog, a +0 robe, a +0 cloak; and the following
                  | spell memorised: Freeze; and the following spells available
                  | to memorise: Sublimation of Blood, Cigotuvi's Dreadful Rot,
                  | Frozen Ramparts, Summon Ice Beast.
     0 | D:1      | Reached XP level 1. HP: 10/10 MP: 3/3
   279 | D:1      | Reached skill level 1 in Summonings
   400 | D:1      | Reached XP level 2. HP: 15/15 MP: 2/4
   972 | D:2      | Reached XP level 3. HP: 10/19 MP: 0/6
  1469 | D:2      | Reached XP level 4. HP: 19/24 MP: 2/7
  1474 | D:2      | Learned a level 4 spell: Summon Ice Beast
  1907 | D:3      | Found a snail-covered altar of Cheibriados.
  1932 | D:3      | Became a worshipper of Cheibriados the Contemplative
  2273 | D:3      | Gained mutation: Your magical nature lets you fly swiftly
                  | and evasively. [Tengu growth]
  2273 | D:3      | Reached XP level 5. HP: 23/28 MP: 7/9
  2366 | D:3      | Found a shimmering blue altar of Sif Muna.
  2788 | D:3      | Reached * piety under Cheibriados
  3032 | D:4      | HP: 1/28 [orc/+0 whip (5)]
  3033 | D:4      | Slain by an orc

Illustrated notes

Levels and vault maps discovered:
D:1:      denvon_arrival_planthouse, layout_basic, chequers_jeans,
          minmay_three_crescents
D:2:      layout_basic, nicolae_eternal_life
D:3:      minmay_evil_eye, layout_basic, mainiacjoe_overflow_alcove_4,
          mainiacjoe_overflow_cross_hatched
D:4:      minmay_polygon_palace, layout_cave_pods, uniq_sigmund

Skill      XL: |  1  2  3  4  5 |
---------------+----------------+-----
Summonings     | 1 2 3 |  3.3
Ice Magic      | 2 3 |  3.7
Spellcasting   | 2 |  2.4
Dodging        | |  2.1
Stealth        | |  2.0
Necromancy     | |  1.1
Invocations    | |  1.0
Evocations     | |  1.0

Action                   |  1- 3 |  4- 6 || total
-------------------------+-------+-------++-------
Melee: Dagger            |    33 |    30 ||    63
       Kick              |     8 |     7 ||    15
       Peck              |     2 |     4 ||     6
 Cast: Freeze            |    44 |    64 ||   108
  Use: Scroll            |       |     3 ||     3
       Potion            |       |     2 ||     2
 Stab: Sleeping          |     1 |       ||     1
Armor: Robe              |    14 |    20 ||    34
Dodge: Dodged            |    38 |    50 ||    88
Block: Buckler           |     7 |    10 ||    17

Table legend: (Time is in decaauts)
 A = Elapsed time spent in this place.
 B = Non-inter-level travel time spent in this place.
 C = Inter-level travel time spent in this place.
 D = Time resting spent in this place.
 E = Time spent auto-exploring this place.
 F = Levels seen in this place.
 G = Mean time per level.
                   A        B        C        D        E       F      G
               +--------+--------+--------+--------+--------+-----+--------+
         Total |   3171 |   3118 |     53 |    183 |   2483 |   4 |  792.8 |
       Dungeon |   3171 |   3118 |     53 |    183 |   2483 |   4 |  792.8 |
               +--------+--------+--------+--------+--------+-----+--------+

Top non-repeatable levels by time:
     D:3: 1208 daAuts
     D:2: 962 daAuts
     D:1: 843 daAuts
     D:4: 157 daAuts
